Map: Ulrena

Players

lesha

  • Race: Terran Terran
  • League: Gold

jeffa - Winner!

  • Race: Terran Terran
  • League: Silver

VOD

Have the link to the VOD?

Description

Time

  • Played on: Jan. 10, 2016, 8:27 a.m.
  • Length: 12:23
Show
View Real Time Build Order
Export as new Build Order

lesha Terran 

Build Orders: Reaper Expand, MMM Bio 

Get SALT Encoding   

  12  0:01  SCV  
  13  0:13  SCV  
  14  0:18  Supply Depot  
  14  0:25  SCV  
  15  0:40  SCV  
  15  0:41  Barracks  
  16  0:46  Refinery  
  16  0:52  SCV  
  17  1:04  SCV  
  18  1:16  SCV  
  19  1:29  Reaper  
  19  1:30  Orbital Command  
  20  1:42  Command Center  
  20  1:57  SCV  
  21  2:07  Factory, Marine  
  22  2:16  Supply Depot  
  22  2:20  Refinery  
  22  2:27  SCV  
  23  2:39  SCV  
  23  2:48  Marine  
  24  2:55  SCV, Barracks, Orbital Command  
  24  2:57  Barracks  
  25  3:19  Factory Reactor  
  25  3:22  Barracks Reactor  
  25  3:28  SCV  
  26  3:37  SCV  
  26  3:40  SCV  
  30  3:49  SCV  
  30  3:50  Barracks Tech Lab  
  30  3:52  Barracks Reactor, SCV  
  30  3:58  Marine  
  30  3:59  Marine  
  30  4:01  Hellion x2  
  37  4:04  SCV  
  37  4:08  Orbital Command  
  37  4:17  Starport  
  37  4:21  Barracks  
  37  4:22  SCV, Engineering Bay  
  38  4:27  Marine x2  
  38  4:31  Marine x2  
  41  4:34  Stimpack  
  41  4:35  SCV  
  41  4:38  SCV  
  44  4:47  SCV, Supply Depot  
  44  4:48  Supply Depot  
  44  4:52  Marine  
  46  5:06  Factory Tech Lab  
  46  5:07  Terran Infantry Weapons Level 1  
  46  5:08  Marine x3  
  46  5:09  Barracks Reactor  
  46  5:12  Medivac x2  
  53  5:14  Marine x2  
  55  5:24  SCV x2  
  57  5:31  Refinery  
  57  5:32  Supply Depot, Refinery  
  57  5:33  Marine  
  57  5:34  Marine  
  59  5:36  Supply Depot, SCV x2  
  59  5:39  Marine  
  62  5:53  Marine  
  58  6:06  Marine x5  
  58  6:07  Marine  
  59  6:11  Marine  
  60  6:24  Marine  
  60  6:25  Marine x5  
  46  6:29  Marine  
  48  6:35  Medivac x2  
  48  6:37  Siege Tank  
  48  6:38  SCV x2  
  57  6:41  Marine  
  57  6:43  Marine  
  57  6:46  Combat Shields  
  59  6:50  SCV x2  
  59  6:51  Command Center  
  61  6:58  Missile Turret  
  61  6:59  Missile Turret  
  61  7:02  SCV x2, Marine  
  61  7:04  Marine  
  65  7:21  Missile Turret, Marine x4  
  65  7:22  Marine x2  
  71  7:27  Missile Turret  
  71  7:32  Supply Depot  
  71  7:34  Engineering Bay  
  71  7:35  Terran Infantry Armor Level 1  
  71  7:37  SCV x2  
  73  7:51  Marine x5  
  74  7:54  Marine x2  
  80  8:01  Armory  
  66  8:21  Marine  
  66  8:22  Marine x6  
  66  8:26  Medivac  
  66  8:27  Medivac  
  77  8:38  Supply Depot  
  77  8:39  Supply Depot, Marine x3  
  77  8:40  Marine x3  
  83  8:55  Marine  
  84  8:57  Marine x3  
  55  9:14  Marine x4  
  55  9:15  Medivac x2  
  55  9:17  Marine x3  
  66  9:24  Concussive Shells  
  66  9:29  Terran Infantry Weapons Level 2  
  66  9:31  Marine  
  66  9:32  Marine x3  
  66  9:35  Command Center  
  66  9:37  Barracks  
  66  9:38  Barracks  
  70  9:40  Barracks  
  70  9:42  SCV x2  
  70  9:43  Barracks  
  72  9:56  SCV x2  
  74  10:00  Marine x6  
  74  10:01  Marine  
  74  10:04  Medivac  
  82  10:18  Marine x5  
  86  10:40  Marine x6  
  86  10:41  Barracks Reactor x3  
  83  11:01  Marine  
  83  11:02  Marine x6  
  83  11:03  Marine  
  70  11:14  SCV x2  
  72  11:24  Marine x3  
  72  11:25  Marine x6  
  76  11:26  SCV x2, Marine x5  
  76  11:30  Command Center  
  86  11:42  Marine x4  
Show
View Real Time Build Order
Export as new Build Order

jeffa Terran - Winner!

Build Orders: MMM Bio 

Get SALT Encoding   

  12  0:01  SCV  
  13  0:13  SCV  
  14  0:20  Supply Depot  
  14  0:25  SCV  
  15  0:41  SCV  
  15  0:42  Barracks  
  16  0:51  Refinery  
  16  0:54  SCV  
  17  1:06  SCV  
  17  1:08  Barracks  
  18  1:19  SCV  
  19  1:31  Orbital Command  
  19  1:36  Supply Depot, Reaper  
  20  1:54  Refinery  
  20  1:56  Barracks Tech Lab  
  20  2:00  SCV  
  21  2:13  SCV  
  21  2:14  Marine  
  23  2:26  Marine  
  23  2:27  Command Center  
  24  2:32  Reaper  
  23  2:44  SCV, Marine  
  25  2:55  Factory  
  25  2:56  SCV  
  26  3:02  Marine  
  27  3:19  SCV  
  28  3:21  Marine x2  
  28  3:22  Stimpack  
  30  3:29  Engineering Bay  
  30  3:32  Supply Depot  
  30  3:42  Marine  
  31  3:49  Supply Depot  
  31  3:50  Factory Tech Lab  
  31  3:54  SCV, Marine  
  33  3:57  Starport  
  33  4:00  Marine  
  34  4:06  SCV  
  35  4:11  Marine  
  36  4:17  Marine  
  36  4:18  Siege Tank  
  36  4:20  Orbital Command  
  40  4:30  Barracks  
  40  4:36  Missile Turret  
  40  4:38  SCV, Orbital Command  
  40  4:40  Marine x2  
  43  4:53  Medivac  
  43  4:57  Marine  
  46  5:04  SCV  
  46  5:05  SCV  
  46  5:07  Marine  
  49  5:14  Terran Infantry Weapons Level 1  
  49  5:15  Missile Turret, Marine  
  49  5:20  Barracks Reactor  
  50  5:24  Marine  
  51  5:30  SCV x2  
  51  5:35  Marine  
  54  5:37  Medivac  
  54  5:42  Marine  
  57  5:46  SCV x2  
  59  5:52  Marine  
  60  5:58  SCV  
  60  6:00  Marine  
  62  6:16  Marine x3  
  62  6:18  Marine  
  66  6:20  Supply Depot  
  66  6:34  SCV  
  66  6:35  SCV  
  68  6:42  Supply Depot  
  68  6:45  Command Center  
  68  6:49  SCV  
  68  6:50  SCV  
  68  6:51  Marine x4  
  74  7:04  Siege Tank  
  74  7:06  Starport Reactor  
  77  7:09  Marine x3  
  77  7:10  Marauder  
  82  7:19  SCV x2  
  82  7:20  Barracks  
  84  7:24  Sensor Tower  
  84  7:27  Terran Infantry Armor Level 1, Marine x2  
  86  7:31  Marauder  
  86  7:32  Marine  
  86  7:34  Armory  
  86  7:36  Siege Tank  
  92  7:44  Marine  
  92  7:45  Refinery  
  92  7:48  Refinery, Marine  
  94  7:56  Marine  
  94  7:57  Marauder  
  97  8:01  SCV x2  
  97  8:02  Marine  
  100  8:05  Marine  
  86  8:14  Marine  
  86  8:18  Marine  
  77  8:20  Marine  
  77  8:21  Medivac x2  
  77  8:23  Marine  
  77  8:25  Combat Shields  
  83  8:32  Marine  
  83  8:34  Barracks  
  84  8:36  Marauder  
  84  8:38  Marine  
  84  8:41  Marine, Widow Mine  
  89  9:00  Marine  
  89  9:01  Marine x3  
  70  9:09  Widow Mine  
  61  9:16  Planetary Fortress  
  63  9:18  SCV  
  63  9:19  SCV  
  65  9:27  Terran Infantry Weapons Level 2  
  65  9:31  SCV x2  
  67  9:34  Barracks Reactor  
  67  9:36  Barracks Reactor  
  67  9:41  Marine x4  
  71  9:53  SCV x2  
  71  9:58  Marine  
  71  9:59  Marauder, Marine x2  
  78  10:03  Command Center  
  78  10:11  Siege Tank  
  81  10:16  Marine x2  
  81  10:17  Marine x4  
  81  10:18  Marine  
  81  10:21  Marauder  
  90  10:31  Medivac x2  
  90  10:34  Marine x2  
  94  10:42  Marauder  
  96  10:46  SCV x2  
  96  10:47  SCV  
  99  10:57  Liberator x2  
  99  11:04  Marine x2, Marauder  
  101  11:05  Marine x4  
  107  11:16  Supply Depot  
  107  11:17  Supply Depot  
  113  11:18  Supply Depot  
  113  11:20  Orbital Command  
  113  11:31  Marine x5  
  113  11:32  Marine x2  
  120  11:33  Siege Tank  
  123  11:40  Marine  
  119  11:48  Marine  
  119  11:49  Marine x4  
  120  11:54  SCV  
  120  11:55  SCV x2, Marine x2  
  120  11:58  Marine  
Tags
 
Composition
MMM BioMMM Bio
Matchup
TvT
Race
Terran
Add a new tag
Caveats
  • Supply blocks, unpowered buildings, or Contaminate may cause inaccurate times.
  • Supply counts are checked every 10 seconds.